 Dungeon Crawl Stone Soup version 0.25-a0-294-gea9b1ad378 (webtiles) character file.

Game seed: 4487868132541507086, levelgen mode: deterministic

11898 night the Grappler (level 11, -3/111 HPs)
             Began as a Troll Fighter on Dec 19, 2019.
             Was a Priest of Nemelex Xobeh.
             Killed from afar by an efreet (9 damage)
             ... with a fireball
             ... on level 10 of the Dungeon.
             The game lasted 00:24:34 (8765 turns).

night the Grappler (Troll Fighter)                  Turns: 8765, Time: 00:24:35

Health: -3/111     AC: 12    Str: 28    XL:     11   Next: 55%
Magic:  14/14      EV: 10    Int:  3    God:    Nemelex Xobeh [***...]
Gold:   604        SH: 11    Dex:  9    Spells: 10/10 levels left

rFire    . . .     SeeInvis .     - Unarmed
rCold    . . .     Gourm    +   b - +0 shield
rNeg     . . .     Faith    .   a - +0 robe
rPois    +         Spirit   .   (helmet restricted)
rElec    .         Reflect  .   F - +0 cloak
rCorr    .         Harm     .   (gloves unavailable)
MR       .....                  (boots unavailable)
Stlth    +.........             (no amulet)
HPRegen  0.68/turn              s - ring of poison resistance
MPRegen  0.14/turn              e - +3 ring of protection

@: no status effects
A: large, unfitting armour, claws 3, molten scales 1, dopey 1, fast metabolism
3, gourmand, regeneration 1, shaggy fur 1, tough skin 3
a: Draw Escape, Draw Destruction, Draw Summoning, Triple Draw, Renounce Religion


You were on level 10 of the Dungeon.
You worshipped Nemelex Xobeh.
Nemelex Xobeh was most pleased with you.
You were completely stuffed.

You visited 2 branches of the dungeon, and saw 12 of its levels.

You collected 604 gold pieces.

Inventory:

Hand Weapons
 O - a +0 hunting sling of velocity
Missiles
 h - 10 boomerangs
 n - 2 throwing nets
 p - 26 poisoned darts (quivered)
 y - 3 javelins
 A - 6 large rocks
 P - 28 sling bullets
 S - 6 curare-tipped darts
Armour
 a - a +0 robe (worn)
 b - a +0 shield (worn)
 F - a +0 cloak (worn)
Jewellery
 e - a +3 ring of protection (right claw)
 m - an uncursed ring of positive energy
 s - a ring of poison resistance (left claw)
 B - an uncursed ring of wizardry
 D - an uncursed ring of resist corrosion
 Q - an uncursed amulet of rage
Wands
 q - a wand of polymorph (6)
 t - a wand of flame (10)
 C - a wand of paralysis (11)
 K - a wand of enslavement (10)
 M - a wand of acid (34)
 T - a wand of digging (5)
Scrolls
 i - 6 scrolls of enchant weapon {unknown}
 k - 3 scrolls of magic mapping {unknown}
 l - 3 scrolls of identify
 r - a scroll of brand weapon {unknown}
 u - 3 scrolls of amnesia {unknown}
 v - 2 scrolls of remove curse {unknown}
 w - 4 scrolls of fear
 E - a scroll of random uselessness {unknown}
 G - a scroll of torment {unknown}
 H - a scroll of enchant armour {unknown}
 L - 2 scrolls of teleportation {unknown}
 N - 3 scrolls of holy word {unknown}
 R - a scroll of immolation {unknown}
Potions
 c - 3 potions of might
 f - 2 potions of heal wounds
 g - 5 potions of lignification
 j - 2 potions of resistance
 o - 2 potions of berserk rage
 x - 2 potions of flight {unknown}
 z - 2 potions of curing
 J - a potion of invisibility {unknown}
Comestibles
 d - 21 rations
 I - 7 chunks of flesh


   Skills:
 + Level 7.8 Fighting
 - Level 2.4 Dodging
 + Level 7.9 Shields
 * Level 12.3 Unarmed Combat
 + Level 5.4 Invocations


You had 10 spell levels left.
You didn't know any spells.
Your spell library contained the following spells:

 Spells                   Type           Power        Failure   Level  Hunger
 Magic Dart               Conj           #...         61%         1    ##.....
 Blink                    Tloc           N/A          75%         2    ###....
 Call Imp                 Summ           #.......     75%         2    ###....
 Slow                     Hex            #.......     75%         2    ###....
 Conjure Flame            Conj/Fire      #.......     93%         3    ####...
 Mephitic Cloud           Conj/Pois/Air  #.......     93%         3    ####...


Dungeon Overview and Level Annotations

Branches:
Dungeon (11/15)            Temple (1/1) D:7            Lair (0/6) D:9
    Orc: D:9-12

Altars:
Ashenzari
Cheibriados
Dithmenos
Elyvilon
Fedhas
Gozag
Hepliaklqana
Kikubaaqudgha
Makhleb
Nemelex Xobeh
Okawaru
Qazlal
Ru
Sif Muna
Trog
Uskayaw
Vehumet
Wu Jian
Xom
Yredelemnul
Zin
The Shining One


Innate Abilities, Weirdness & Mutations

You are too large for most types of armour.
You have claws for hands.
Your metabolism is lightning-fast.
You like to eat raw meat.
Your natural rate of healing is unusually fast.
You are covered in fur. (AC +1)
You have extremely tough skin. (AC +3)
You are partially covered in molten scales. (AC +2)
You are dopey. (Int -2)


Message History

The ice beast is engulfed in flames!
The ice beast melts!
Your catoblepas gores the ice beast!!
The ice beast dies!
What are your orders? t - Shout!
Orders for allies: a - Attack new target. r - Retreat! s - Stop attacking. g - Guard the area. f - Follow me.
Anything else - Cancel.
Gang up on whom?
Press: ? - help, Dir - move target cursor, f - efreet
Aim: an efreet, wielding a +4 scimitar of flaming Attack!
The efreet gestures at you. The bolt of fire hits you!!
* * * LOW HITPOINT WARNING * * *
The efreet gestures at you.
The fireball explodes!
The fireball engulfs you!
You die...
Your body disappears without a glow.

....#.....##..........+.....#...#
....#.....#...........#.....'...+
....#.....#...........##+####...#
....#.....#.....................'
....#######.....................#
.....................####........
...############......#..#####....
...+..........#......#..[[..#....
...#..........'.@....#..[>.°#..).
...#..........#.....h#.Y)○..#....
...#........###...Y9R#☼.....#....
...+÷..)....#........○..R...#....
..)#†###....#........#......#....
##.....#....#........#......#....
.#.....######........#......#....
.#...................#......#....
.#...................########.>..


You could see an efreet, a friendly catoblepas, a friendly polar bear and a
friendly molten gargoyle.

Vanquished Creatures
  Erica (D:8)
  A two-headed ogre (D:10)
  An unseen horror (D:10)
  A cyclops (D:7)
  A water nymph (D:9)
  Joseph (D:7)
  2 trolls
  2 hippogriffs
  A spriggan (D:8)
  A wraith (D:10)
  A vampire (D:10)
  15 yaks
  2 water moccasins
  A hornet zombie (D:6)
  3 ice beasts
  3 orc warriors
  5 sky beasts
  4 phantoms
  7 ogres
  4 big kobolds
  Blork the orc (D:6)
  5 bullfrogs
  A wyvern zombie (D:9)
  2 wyvern skeletons
  A water moccasin skeleton (D:8)
  3 scorpions
  10 killer bees
  4 wights
  10 howler monkeys
  A crimson imp (D:8)
  2 bullfrog zombies
  A centaur zombie (D:6)
  3 orc priests
  3 hounds
  6 bullfrog skeletons
  A centaur skeleton (D:10)
  3 jellies
  7 orc wizards
  6 iguanas
  7 worker ants
  A killer bee zombie (D:6)
  A hound zombie (D:6)
  A hound skeleton (D:5)
  A worker ant zombie (D:5)
  3 howler monkey zombies
  3 gnolls (D:2)
  17 adders
  A howler monkey skeleton (D:6)
  2 shadow imps (D:10)
  An ooze (D:3)
  4 adder skeletons
  An adder zombie (D:6)
  A worm (D:4)
  3 dart slugs
  3 leopard geckos
  24 orcs
  3 giant cockroaches
  3 goblins
  7 hobgoblins
  5 jackals
  5 quokkas
  2 ball pythons
  4 bats
  5 frilled lizards
  A jackal zombie (D:6)
  26 kobolds
  A leopard gecko skeleton (D:4)
  A leopard gecko zombie (D:6)
  5 rats
269 creatures vanquished.

Vanquished Creatures (collateral kills)
  An ice beast (D:10)
1 creature vanquished.

Grand Total: 270 creatures vanquished

Notes
Turn   | Place    | Note
-------+----------+-------------------------------------------
     0 | D:1      | night the Troll Fighter began the quest for the Orb.
     0 | D:1      | Reached XP level 1. HP: 22/22 MP: 0/0
   193 | D:1      | Reached XP level 2. HP: 28/29 MP: 1/1
   635 | D:2      | Reached XP level 3. HP: 36/36 MP: 2/2
   663 | D:2      | Reached skill level 3 in Unarmed Combat
   702 | D:2      | Reached XP level 4. HP: 25/44 MP: 3/3
   898 | D:2      | Found a shimmering blue altar of Sif Muna.
  1647 | D:3      | Reached skill level 4 in Unarmed Combat
  1647 | D:3      | Reached XP level 5. HP: 49/53 MP: 4/4
  2512 | D:4      | Noticed an ogre
  2523 | D:4      | Killed an ogre
  2523 | D:4      | Reached XP level 6. HP: 61/61 MP: 5/5
  2529 | D:4      | Reached skill level 5 in Unarmed Combat
  2772 | D:4      | Reached XP level 7. HP: 67/68 MP: 6/6
  3030 | D:5      | Entered Level 5 of the Dungeon
  3239 | D:5      | Reached skill level 6 in Unarmed Combat
  3335 | D:5      | Found a shattered altar of Ashenzari.
  3463 | D:5      | Reached XP level 8. HP: 74/79 MP: 7/7
  3477 | D:5      | Reached skill level 7 in Unarmed Combat
  3586 | D:6      | Noticed Blork the orc
  3595 | D:6      | Killed Blork the orc
  3905 | D:6      | Reached skill level 5 in Shields
  4071 | D:6      | Reached skill level 5 in Fighting
  4111 | D:6      | Reached skill level 8 in Unarmed Combat
  4206 | D:6      | Found a bloodstained altar of Trog.
  4571 | D:7      | Noticed a cyclops
  4661 | D:7      | Killed a cyclops
  4661 | D:7      | Reached XP level 9. HP: 13/88 MP: 8/8
  4805 | D:7      | Found a staircase to the Ecumenical Temple.
  4831 | Temple   | Entered the Ecumenical Temple
  4898 | Temple   | Became a worshipper of Nemelex Xobeh the Trickster
  4959 | D:7      | Reached skill level 9 in Unarmed Combat
  5101 | D:7      | Received a gift from Nemelex Xobeh
  5286 | D:7      | Reached skill level 1 in Invocations
  5432 | D:7      | Found Nicke's Assorted Antiques.
  5515 | D:8      | Noticed Joseph
  5604 | D:7      | Reached skill level 10 in Unarmed Combat
  5674 | D:7      | Killed Joseph
  5894 | D:8      | Reached XP level 10. HP: 93/100 MP: 10/10
  5895 | D:8      | Found a glowing golden altar of the Shining One.
  5934 | D:8      | Found an iron altar of Okawaru.
  5998 | D:8      | Noticed Erica
  6028 | D:8      | Killed Erica
  6133 | D:8      | Reached * piety under Nemelex Xobeh
  6152 | D:8      | Received a gift from Nemelex Xobeh
  6296 | D:8      | Found an iron altar of Okawaru.
  6391 | D:8      | Found a shimmering altar of Xom.
  6394 | D:8      | Found an opulent altar of Gozag.
  6563 | D:8      | Found a basalt altar of Yredelemnul.
  6706 | D:9      | Noticed a two-headed ogre
  6709 | D:9      | Noticed a water nymph
  6709 | D:9      | a two-headed ogre changed into a water nymph
  6729 | D:9      | Killed a water nymph
  6729 | D:9      | Reached skill level 11 in Unarmed Combat
  7174 | D:9      | Found a staircase to the Lair.
  7213 | D:9      | Gained mutation: You are dopey. (Int -2) [potion of
                  | mutation]
  7213 | D:9      | Gained mutation: You are clumsy. (Dex -2) [potion of
                  | mutation]
  7213 | D:9      | Gained mutation: You are partially covered in molten
                  | scales. (AC +2) [potion of mutation]
  7213 | D:9      | Lost mutation: You are clumsy. (Dex -2) [potion of
                  | mutation]
  7265 | D:9      | Found a stormy altar of Qazlal.
  7316 | D:9      | Reached ** piety under Nemelex Xobeh
  7387 | D:10     | Entered Level 10 of the Dungeon
  7417 | D:9      | Noticed a two-headed ogre
  7436 | D:9      | Reached XP level 11. HP: 42/109 MP: 13/13
  7857 | D:10     | Killed an unseen horror
  8050 | D:10     | Noticed a two-headed ogre
  8063 | D:10     | Killed a two-headed ogre
  8063 | D:10     | Reached skill level 12 in Unarmed Combat
  8063 | D:10     | Reached skill level 5 in Invocations
  8138 | D:10     | Received a gift from Nemelex Xobeh
  8732 | D:11     | Reached *** piety under Nemelex Xobeh
  8764 | D:10     | HP: 5/111 [efreet/bolt of fire (25)]
  8765 | D:10     | Killed from afar by an efreet

Levels and vault maps discovered:
D:1:      dpeg_arrival_tiny_j, layout_loops_cross, minmay_domino_2
D:2:      layout_basic, marbit_many_paths
D:3:      layout_basic, serial_bayou, serial_bayou_pond_a,
          serial_bayou_lagoon_a, serial_bayou_pond_e, serial_bayou_pond_b,
          first_ration
D:4:      layout_loops_ring, eino_small_chamber_without_monster,
          kennysheep_generic_room_6
D:5:      layout_basic, basic_altar, guppyfry_early_orc_mine
D:6:      layout_gridville, overflow_temple_1_default, serial_undead,
          serial_undead_e, serial_undead_d, serial_undead_a, serial_undead_f,
          serial_undead_f, uniq_blork_the_orc
D:7:      layout_rooms, temple_pool_b, serial_shops, nicolae_shop_behind_doors
D:8:      layout_loops_ring, lemuel_round_altar, overflow_temple_1_default,
          nicolae_overflow_hidden_temple, basic_altar, the_bakery,
          okawaru_ov_weapons_minmay, uniq_erica, uniq_joseph
D:9:      layout_big_octagon, lemuel_doored_altar, lair_entry_dummy
D:10:     layout_irregular_city
D:11:     layout_small_grid, orc_0_dummy, serial_shops, shop_coins
Temple:   eino_wide_crystal_templ

Skill      XL: |  1  2  3  4  5  6  7  8  9 10 11 |
---------------+----------------------------------+-----
Unarmed Combat | 3 4 5 6 8 10 11 12 | 12.3
Fighting       | 3 4 5 6 7 |  7.8
Shields        | 3 4 5 6 7 |  7.9
Invocations    | 2 4 5 |  5.4
Dodging        | |  2.4

Action                   |  1- 3 |  4- 6 |  7- 9 | 10-12 || total
-------------------------+-------+-------+-------+-------++-------
Melee: Unarmed           |    67 |   128 |   360 |   356 ||   911
Throw: Dart              |       |       |     5 |    13 ||    18
       Boomerang         |       |       |     4 |    13 ||    17
 Abil: Draw Destruction  |       |       |       |     6 ||     6
       Draw Escape       |       |       |       |     2 ||     2
       Draw Summoning    |       |       |       |     1 ||     1
  Use: Scroll            |       |     4 |       |     4 ||     8
       Potion            |       |     4 |       |     1 ||     5
 Stab: Sleeping          |       |     1 |       |       ||     1
  Eat: Chunk             |    11 |    20 |    27 |    28 ||    86
Armor: Robe              |    25 |    27 |   110 |   107 ||   269
Dodge: Dodged            |    19 |    40 |   112 |   105 ||   276
Block: Shield            |    20 |    35 |   170 |   190 ||   415

Table legend:
 A = Non-vault XP
 B = Vault XP
 C = Vault XP percentage of total XP
 D = Non-vault monster count
 E = Vault monster count
 F = Vault count percentage of total count
                 A         B        C        D         E       F
            +---------+---------+-------+---------+---------+-------
      Total |   14655 |    2343 |  13.8 |     242 |      28 |  10.4
            +---------+---------+-------+---------+---------+-------
        D:1 |      29 |       1 |   3.3 |      19 |       1 |   5.0
        D:2 |      79 |       4 |   4.8 |      10 |       1 |   9.1
        D:3 |     147 |       6 |   3.9 |      14 |       4 |  22.2
        D:4 |     363 |     121 |  25.0 |      16 |       1 |   5.9
        D:5 |     600 |     226 |  27.4 |      21 |       7 |  25.0
        D:6 |     727 |     417 |  36.5 |      16 |      11 |  40.7
        D:7 |    2149 |     419 |  16.3 |      30 |       1 |   3.2
        D:8 |    1706 |    1149 |  40.2 |      32 |       2 |   5.9
        D:9 |    2497 |       0 |   0.0 |      32 |       0 |   0.0
       D:10 |    6170 |       0 |   0.0 |      42 |       0 |   0.0
       D:11 |     188 |       0 |   0.0 |      10 |       0 |   0.0
            +---------+---------+-------+---------+---------+-------
